 Dungeon Crawl Stone Soup version 0.30-a0-860-g512cf1e979 (webtiles) character file.

Game seed: 14289187969961756846

95 browni3141 the Charlatan (level 4, -13/26 HPs)
             Began as a Kobold Artificer on Mar 7, 2023.
             Killed by nerve-wracking pain
             ... invoked by Grinder
              (14 damage)
             ... while paralysed by Grinder
             ... on level 3 of the Dungeon.
             The game lasted 00:02:31 (2148 turns).

browni3141 the Charlatan (Kobold Artificer)         Turns: 2148, Time: 00:02:32

Health: -13/26     AC:  3    Str:  9    XL:     4   Next: 97%
Magic:  4/4        EV:  3    Int: 12    God:
Gold:   91         SH:  0    Dex: 17    Spells: 3/3 levels left

rFire   . . .      SeeInvis .    f - +0 short sword
rCold   . . .      Faith    .    (no shield)
rNeg    . . .      Spirit   .    b - +0 leather armour
rPois   .          Reflect  .    (no helmet)
rElec   .          Rampage  .    (no cloak)
rCorr   .                        (no gloves)
Will    .....                    (no boots)
Stlth   ++++                     (no amulet)
HPRegen 0.24/turn                (no ring)
MPRegen 0.09/turn                (no ring)

@: paralysed
A: small, no large weapons, nightstalker 3
a: no special abilities


You were on level 3 of the Dungeon.
You visited 1 branch of the dungeon, and saw 3 of its levels.

You collected 91 gold pieces.

Inventory:

Hand Weapons
 a - a +0 club
 f - a +0 short sword (weapon)
Missiles
 s - 4 curare-tipped darts
Armour
 b - a +0 leather armour (worn)
Jewellery
 o - a ring of wizardry
Wands
 d - a wand of charming (8)
 e - a wand of iceblast (5)
Scrolls
 g - a scroll of teleportation {unknown}
 h - 3 scrolls of identify {unknown}
 k - a scroll of fog {unknown}
 m - a scroll of immolation {unknown}
 q - a scroll of enchant armour {unknown}
Potions
 i - a potion of lignification {unknown}
 j - a potion of ambrosia {unknown}
 l - a potion of attraction {unknown}
 n - a potion of curing
 p - a potion of mutation {unknown}
 r - 2 potions of resistance {unknown}


   Skills:
 - Level 2.0 Fighting
 * Level 2.3 Short Blades
 - Level 1.0 Armour
 - Level 3.0 Dodging
 - Level 4.0 Stealth
 - Level 4.0 Evocations


You had 3 spell levels left.
You didn't know any spells.
Your spell library contained the following spells:

 Spells                   Type           Power      Damage    Failure   Level
 Call Canine Familiar     Summ           0%         N/A       80%         3
 Dazzling Flash           Conj/Hex       0%         N/A       80%         3
 Portal Projectile        Hex/Tloc       0%         N/A       80%         3
 Iskenderun's Mystic Bla  Conj/Tloc      0%         2d3       99%         4
 Leda's Liquefaction      Hex/Erth       0%         N/A       99%         4
 Starburst                Conj/Fire      0%         6d3       100%        6


Dungeon Overview and Level Annotations

Branches:
Dungeon (3/15)

Altars:

Shops:
D:1 (   D:2 :

Annotations:
D:3 Grinder


Innate Abilities, Weirdness & Mutations

You are small and have problems with some larger weapons.
You are completely attuned to the shadows.


Message History

Aiming: Throw Flame
Press: ? - help, Q - select action, (/) - cycle Shift-Dir - straight line, f - Grinder
Aim: Grinder (lightly wounded, 68% to hit)
The puff of flame hits Grinder.
Grinder is moderately wounded.
Grinder hits you.
You writhe in agony.
Aiming: Throw Flame
Press: ? - help, Q - select action, (/) - cycle Shift-Dir - straight line, f/p - Grinder
Aim: Grinder (moderately wounded, 68% to hit)
The puff of flame hits Grinder.
Grinder is moderately wounded.
Grinder misses you.
Aiming: Throw Flame
Press: ? - help, Q - select action, (/) - cycle Shift-Dir - straight line, f/p - Grinder
Aim: Grinder (moderately wounded, 68% to hit)
The puff of flame hits Grinder.
Grinder is heavily wounded.
Grinder hits you!
You writhe in agony.
Aiming: Throw Flame
Press: ? - help, Q - select action, (/) - cycle Shift-Dir - straight line, f/p - Grinder
Aim: Grinder (heavily wounded, 68% to hit)
The puff of flame hits Grinder.
Grinder is heavily wounded.
Grinder blinks!
Aiming: Throw Flame
Press: ? - help, Q - select action, (/) - cycle Shift-Dir - straight line, f/p - Grinder
Aim: Grinder (heavily wounded, 68% to hit)
The puff of flame misses Grinder.
The now-empty wand crumbles to dust.
Grinder gestures at you.
You suddenly lose the ability to move!
Grinder barely misses you. Grinder hits you but does no damage.
Grinder hits you.
* * * LOW HITPOINT WARNING * * *
You writhe in agony.
* * * LOW HITPOINT WARNING * * *
Grinder gestures at you. Pain shoots through your body!
Ouch! That really hurt!
You die...

....# #......# #..#
## #...)### #..####.
#.##...####..##...
#.#....).....#..##
#.#............###
..^...........## #
#.#..........#####
#.#..........##...
#@######.##..##.##
####5# #.##..##.##
.....# #...>....#
####.######.#########
#.................
#.................
........#.####.####
...........# #.#...
.###....#### #.####


You could see Grinder.

Vanquished Creatures
  3 adders
  2 gnolls (D:3)
  3 dart slugs
  2 ball pythons (D:1)
  5 bats
  5 endoplasms
  A giant cockroach (D:1)
  3 goblins
  4 hobgoblins (D:1)
  A quokka (D:1)
  2 frilled lizards
  A kobold (D:1)
  2 rats (D:1)
34 creatures vanquished.

Vanquished Creatures (collateral kills)
  A gnoll (D:3)
1 creature vanquished.

Vanquished Creatures (others)
  A gnoll (D:3)
1 creature vanquished.

Grand Total: 36 creatures vanquished

Notes
Turn   | Place    | Note
-------+----------+-------------------------------------------
     0 | D:1      | browni3141 the Kobold Artificer began the quest for the
                  | Orb.
     0 | D:1      | Reached XP level 1. HP: 12/12 MP: 1/1
   177 | D:1      | Reached XP level 2. HP: 16/16 MP: 2/2
   190 | D:1      | Reached skill level 1 in Armour
   263 | D:1      | Found a faded altar of an unknown god.
   308 | D:1      | Found Iwar Duwk's Antique Weapon Shop.
   773 | D:1      | Reached XP level 3. HP: 13/21 MP: 3/3
  1157 | D:2      | HP: 1/21 [adder (3)]
  1409 | D:2      | Reached XP level 4. HP: 26/26 MP: 4/4
  1639 | D:2      | Found Caloexa's Book Shoppe.
  1745 | D:3      | HP: 1/26 [gnoll/+0 club (5)]
  1751 | D:3      | Reached skill level 1 in Short Blades
  2135 | D:3      | Noticed Grinder
  2144 | D:3      | Paralysed by Grinder for 5 turns
  2147 | D:3      | HP: 1/26 [Grinder (3)]
  2148 | D:3      | Killed from afar by Grinder

Illustrated notes

Levels and vault maps discovered:
D:1:      giann_bridges, layout_basic, serial_shops, nicolae_shop_crystal,
          nicolae_ecumenical_lake_church, minivault_5
D:2:      layout_loops_cross, serial_shops, nicolae_shop_waterfront
D:3:      layout_basic, amcnicky_mini_rare_corridor_liquid, uniq_natasha,
          uniq_grinder, uniq_ijyb

Skill      XL: |  1  2  3  4 |
---------------+-------------+-----
Armour         | 1 |  1.0
Stealth        | 2 3 4 |  4.0
Evocations     | 4 |  4.0
Dodging        | 3 |  3.0
Fighting       | 2 |  2.0
Short Blades   | 2 |  2.3

Action                     |  1- 3 |  4- 6 || total
---------------------------+-------+-------++-------
  Melee: Short sword       |    91 |    28 ||   119
  Evoke: Wand              |     9 |    13 ||    22
    Use: Potion            |     1 |       ||     1
   Stab: Sleeping          |    12 |     7 ||    19
 Armour: Leather armour    |    17 |     2 ||    19
  Dodge: Dodged            |    68 |    17 ||    85

Table legend: (Time is in decaauts)
 A = Elapsed time spent in this place.
 B = Non-inter-level travel time spent in this place.
 C = Inter-level travel time spent in this place.
 D = Time resting spent in this place.
 E = Time spent auto-exploring this place.
 F = Levels seen in this place.
 G = Mean time per level.
                   A        B        C        D        E       F      G
               +--------+--------+--------+--------+--------+-----+--------+
         Total |   2149 |   2127 |     22 |     36 |   1748 |   3 |  716.3 |
       Dungeon |   2149 |   2127 |     22 |     36 |   1748 |   3 |  716.3 |
               +--------+--------+--------+--------+--------+-----+--------+

Top non-repeatable levels by time:
     D:1: 908 daAuts
     D:2: 824 daAuts
     D:3: 415 daAuts
